Build Orders - Match 34226181 - cohdb - Company of Heroes 3 Replays
cohdb
Replays
Latest Replays
All Replays
Popular Replays
Top Player Replays
Match Explorer
How It Works
Community
CoH3 Stats
Reddit
Sign in to upload your games and track your stats! →
Sign in with Steam
Match 34226181
Unlisted
Match 34226181
Overview
Messages
Build Orders
End
Kradschützen Motorcycle Team
Panzergrenadier Squad
250 Light Carrier
Construct Light Support Kompanie
Assault Grenadier Squad
Fire Support Elements
Assault Grenadier Squad
Pak 38 Mechanized Group
Selects Italian Infantry
Selects Guastatori Squad
Selects L6/40 Light Tank Combat Group
Selects Defensive Operations
L6/40 Light Tank Combat Group
MG34 Team
Rajoob(A.AX)
Pie-Eater
0
0
Comments
sign in to comment!
No comments posted yet!